 Dungeon Crawl Stone Soup version 0.31-a0-271-gb88eb75e06 (webtiles) character file.

Game seed: 2140721712731296679

856208 LustLizard the Middleweight Champion (level 27, -15/319 HPs)
             Began as an Octopode Shapeshifter on July 14, 2023.
             Was an Initiate of Gozag.
             Demolished by a profane servitor
             ... wielding a +2 demon whip of freezing
              (19 damage)
             ... while paralysed by a dread lich
             ... on level 7 of Tartarus on July 15, 2023.
             The game lasted 02:43:23 (87225 turns).

LustLizard the Middleweight Champion (OpSh)        Turns: 87225, Time: 02:43:24

Health: -15/319    AC: 23    Str: 39    XL:     27
Magic:  16/49      EV:  1    Int: 17    God:    Gozag
Gold:   17946      SH:  0    Dex: 26    Spells: 22/46 levels left

rFire   + +          +
                       - Unarmed
rCold   x . .        (shield currently unavailable)
rNeg    + + +        T - melded +2 hood of the Assassin {Detect Stab+ Stlth++}
rPois   +            f - amulet of the Impish God {Reflect rN+ Str+3 Slay+2 SH+5}
rElec   +            h - ring "Deyllasue" {rElec Will+ EV+5}
rCorr   +            r - ring "Omuemi" {MP+9 EV+5 Str+3 Dex+4 SInv}
SInv    +            y - ring "Fumidol" {rPois rF+ rN+ Int+4}
Will    +....        A - +4 ring of protection
Stlth   ++++         C - ring of resist corrosion
HPRegen 0.73/turn    Q - +4 ring of slaying
MPRegen 0.31/turn    U - ring "Fiott" {EV+5 Dex+5}
                     w - ring of the Octopus King {rN+ HP+2 AC+2 EV+2 SH+2}

%: reflection
@: paralysed, dragon-form, flying, slowed, wreathed by umbra, studying 3 skills,
bribing [the Vestibule of Hell, the Iron City of Dis, Gehenna, Cocytus,
Tartarus, Pandemonium], weak-willed
A: dragon claw, dragon scales, breathe fire, flying, boosted hp, almost no
armour, amphibious, 8 rings, giant, (camouflage 1), (gelatinous body 1), (nimble
swimmer 1), (tentacles), agile 1, high MP 1, inability to read after injury 1
}: 9/15 runes: serpentine, barnacled, slimy, silver, demonic, glowing, magical,
fiery, dark
a: Breathe Fire, Begin Untransformation, Renounce Religion, Potion Petition,
Call Merchant, Bribe Branch


You were on level 7 of Tartarus.
You worshipped Gozag.
Gozag was extremely pleased with you.
You were a fearsome dragon!
You visited 13 branches of the dungeon, and saw 63 of its levels.
You visited Pandemonium 1 time, and saw 13 of its levels.
You visited the Abyss 1 time.
You also visited: Trove, Sewer and Volcano.

You collected 42414 gold pieces.
You spent 9468 gold pieces at shops.
You paid 15000 gold pieces to Gozag.

Inventory:

Missiles
 E - 12 throwing nets
Armour
 T - the +2 hood of the Assassin (melded) {Detect Stab+ Stlth++}
   (You bought it in a shop on level 3 of the Snake Pit)

   Detect:    It allows the wearer to sense nearby creatures.
   Stab+:     It allows the wearer to make particularly effective stabbing
   attacks against helpless or unaware enemies with any weapon.
   Stlth:     It makes you much more stealthy.
Jewellery
 f - the amulet of the Impish God (around neck) {Reflect rN+ Str+3 Slay+2 SH+5}
   (You found it on level 9 of the Dungeon)

   [amulet of reflection]

   It reflects blocked missile attacks.
   Str:       It affects your strength (+3).
   Slay:      It affects your accuracy & damage with ranged weapons and melee
   (+2).
   rN:        It protects you from negative energy.
   SH:        It affects your SH (+5).
 h - the ring "Deyllasue" (left foreclaw) {rElec Will+ EV+5}
   (You found it on level 3 of the Realm of Zot)

   [ring of evasion]

   EV:        It affects your evasion (+5).
   rElec:     It insulates you from electricity.
   Will:      It increases your willpower.
 n - a +4 ring of protection
 r - the ring "Omuemi" (right foreclaw) {MP+9 EV+5 Str+3 Dex+4 SInv}
   (You bought it in a shop on level 2 of the Orcish Mines)

   [ring of evasion]

   EV:        It affects your evasion (+5).
   Str:       It affects your strength (+3).
   Dex:       It affects your dexterity (+4).
   MP:        It affects your magic capacity (+9).
   SInv:      It lets you see invisible.
 u - a ring of protection from cold
 w - a ring of the Octopus King (on tentacle) {rN+ HP+2 AC+2 EV+2 SH+2}
   (You found it in a treasure trove)

   [ring of positive energy]

   AC:        It affects your AC (+2).
   EV:        It affects your evasion (+2).
   rN:        It protects you from negative energy.
   HP:        It affects your health (+2).
   SH:        It affects your SH (+2).
 y - the ring "Fumidol" (on tentacle) {rPois rF+ rN+ Int+4}
   (You acquired it on level 3 of the Shoals)

   [ring of positive energy]

   Int:       It affects your intelligence (+4).
   rF:        It protects you from fire.
   rPois:     It protects you from poison.
   rN:        It protects you from negative energy.
 A - a +4 ring of protection (on tentacle)
 C - a ring of resist corrosion (on tentacle)
 F - the ring of Equivalence {Wiz rF+ Int+3}
   (You found it in Pandemonium)

   [ring of wizardry]

   It improves your spell success rate.
   Int:       It affects your intelligence (+3).
   rF:        It protects you from fire.
 Q - a +4 ring of slaying (on tentacle)
 U - the ring "Fiott" (on tentacle) {EV+5 Dex+5}
   (You bought it in a shop on level 2 of the Snake Pit)

   [ring of evasion]

   EV:        It affects your evasion (+5).
   Dex:       It affects your dexterity (+5).
Talismans
 a - a talisman of death
 x - a storm talisman
 B - a dragon-blood talisman
Wands
 b - a wand of charming (42)
 v - a wand of light (63)
 J - a wand of polymorph (31)
 K - a wand of roots (74)
 L - a wand of mindburst (30) (quivered)
 R - a wand of flame (157)
 Z - a wand of digging (27)
Scrolls
 c - 9 scrolls of fear
 g - 31 scrolls of teleportation
 i - 7 scrolls of blinking
 j - 2 scrolls of amnesia
 p - 6 scrolls of revelation
 s - 8 scrolls of fog
 t - 3 scrolls of butterflies
 M - 10 scrolls of poison
 W - 5 scrolls of torment
 X - 6 scrolls of immolation
Potions
 d - 9 potions of magic
 e - 16 potions of curing
 k - 11 potions of mutation
 l - 11 potions of haste
 o - 10 potions of enlightenment
 q - 7 potions of cancellation
 z - 9 potions of might
 D - 5 potions of brilliance
 H - 11 potions of heal wounds
 I - 6 potions of berserk rage
 S - 10 potions of resistance
 V - 2 potions of invisibility
Miscellaneous
 m - a phial of floods
 G - a lightning rod (4/4)
 N - a sack of spiders
 O - a phantom mirror
 P - a tin of tremorstones (2/2)
 Y - the horn of Geryon


   Skills:
 + Level 23.3 Fighting
 - Level 22.8 Dodging
 - Level 7.0 Stealth
 O Level 27 Unarmed Combat
 + Level 10.1 Spellcasting
 - Level 7.7 Hexes
 * Level 20.1 Summonings
 - Level 16.9 Translocations
 - Level 7.1 Evocations
 + Level 21.1 Shapeshifting


You had 22 spell levels left.
You knew the following spells:

 Your Spells              Type           Power      Damage    Failure   Level
a - Blink                 Tloc           100%       N/A       0%          2
b - Manifold Assault      Tloc           60%        N/A       1%          4
c - Summon Forest         Summ/Tloc      32%        N/A       1%          5
d - Summon Mana Viper     Hex/Summ       54%        N/A       1%          5
e - Summon Horrible Thin  Summ           33%        N/A       14%         8

Your spell library contained the following spells:

 Spells                   Type           Power      Damage    Failure   Level
 Apportation              Tloc           100%       N/A       0%          1
 Summon Small Mammal      Summ           100%       N/A       0%          1
 Lesser Beckoning         Tloc           100%       N/A       0%          2
 Call Canine Familiar     Summ           67%        N/A       0%          3
 Momentum Strike          Conj/Tloc      74%        3d10      1%          2
 Confusing Touch          Hex            35%        N/A       1%          3
 Gell's Gravitas          Tloc           60%        N/A       1%          3
 Portal Projectile        Hex/Tloc       100%       N/A       1%          3
 Summon Guardian Golem    Hex/Summ       54%        N/A       1%          3
 Teleport Other           Tloc           60%        N/A       1%          3
 Tukima's Dance           Hex            35%        N/A       1%          3
 Vhi's Electric Charge    Tloc/Air       74%        N/A       1%          3
 Volatile Blastmotes      Fire/Tloc      74%        2d16      1%          3
 Passage of Golubria      Tloc           60%        N/A       1%          4
 Summon Lightning Spire   Summ/Air       42%        N/A       1%          4
 Dispersal                Tloc           30%        N/A       1%          6
 Summon Cactus Giant      Summ           33%        N/A       1%          6
 Ensorcelled Hibernation  Hex/Ice        42%        N/A       2%          2
 Iskenderun's Mystic Bla  Conj/Tloc      37%        2d9       2%          4
 Cause Fear               Hex            17%        N/A       3%          4
 Malign Gateway           Summ/Tloc      32%        N/A       3%          7
 Dazzling Flash           Conj/Hex       42%        N/A       4%          3
 Inner Flame              Hex/Fire       21%        N/A       4%          3
 Kiss of Death            Conj/Necr      32%        2d7       9%          1
 Necrotise                Necr           32%        1d5       9%          1
 Sandblast                Erth           16%        2d6       9%          1
 Sting                    Tmut/Pois      32%        1d4       9%          1
 Cigotuvi's Dreadful Rot  Necr/Pois/Air  16%        N/A       13%         2
 Passwall                 Tmut/Erth      6%         N/A       13%         2
 Poisonous Vapours        Pois/Air       16%        N/A       13%         2
 Static Discharge         Conj/Air       16%        2-3/arc   13%         2
 Sublimation of Blood     Necr           8%         N/A       13%         2
 Wereblood                Tmut           8%         N/A       13%         2
 Anguish                  Hex/Necr       10%        N/A       17%         4
 Leda's Liquefaction      Hex/Erth       10%        N/A       17%         4
 Frozen Ramparts          Ice            16%        1d3       26%         3
 Ignite Poison            Fire/Tmut/Pois 8%         N/A       26%         3
 Mephitic Cloud           Conj/Pois/Air  8%         N/A       26%         3
 Ozocubu's Armour         Ice            8%         N/A       26%         3
 Stone Arrow              Conj/Erth      16%        3d8       26%         3
 Swiftness                Air            8%         N/A       26%         3
 Vampiric Draining        Necr           8%         2d6       26%         3
 Metabolic Englaciation   Hex/Ice        10%        N/A       43%         5
 Silence                  Hex/Air        10%        N/A       43%         5
 Yara's Violent Unravell  Hex/Tmut       10%        3d6       43%         5
 Disjunction              Tloc           30%        N/A       47%         8
 Airstrike                Air            4%         2d(1-17)  63%         4
 Dispel Undead            Necr           8%         3d8       63%         4
 Flame Wave               Conj/Fire      8%         2d5       63%         4
 Olgreb's Toxic Radiance  Pois           8%         N/A       63%         4
 Petrify                  Tmut/Erth      8%         N/A       63%         4
 Sticky Flame             Conj/Fire      8%         2d3       63%         4
 Haunt                    Necr/Summ      21%        N/A       75%         7
 Spellforged Servitor     Conj/Summ      21%        N/A       75%         7
 Agony                    Necr           8%         N/A       93%         5
 Arcjolt                  Conj/Air       4%         1d14      93%         5
 Borgnjor's Vile Clutch   Necr/Erth      4%         N/A       93%         5
 Fireball                 Conj/Fire      4%         3d4       93%         5
 Freezing Cloud           Conj/Ice/Air   4%         6-21      93%         5
 Iskenderun's Battlesphe  Conj           8%         2d6       93%         5
 Lee's Rapid Deconstruct  Erth           4%         3d5*      93%         5
 Enfeeble                 Hex            17%        N/A       96%         7
 Conjure Ball Lightning   Conj/Air       4%         3x3d6     100%        6
 Death Channel            Necr           4%         N/A       100%        6
 Eringya's Noxious Bog    Tmut/Pois      4%         4d6       100%        6
 Leda's Unmaking          Conj/Erth      4%         9d2       100%        6
 Starburst                Conj/Fire      4%         6d3       100%        6
 Orb of Destruction       Conj           4%         9d5       100%        7
 Ozocubu's Refrigeration  Ice            4%         4d8       100%        7
 Borgnjor's Revivificati  Necr           4%         N/A       100%        8
 Discord                  Hex            17%        N/A       100%        8
 Ignition                 Fire           4%         3d4       100%        8
 Infestation              Necr           4%         N/A       100%        8
 Maxwell's Capacitive Co  Air            4%         ∞         100%        8
 Chain Lightning          Conj/Air       4%         3d5       100%        9
 Death's Door             Necr           4%         N/A       100%        9
 Fire Storm               Conj/Fire      4%         8d1       100%        9
 Shatter                  Erth           4%         3d7*      100%        9
 Animate Armour           Summ/Erth      Unusable   N/A       N/A         4
 Animate Dead             Necr           Unusable   N/A       N/A         4

Dungeon Overview and Level Annotations

Branches:
Dungeon (15/15)            Temple (0/1) D:5            Lair (5/5) D:8
 Shoals (4/4) Lair:2        Snake (4/4) Lair:2        Slime (5/5) Lair:5
    Orc (2/2) D:12            Elf (3/3) Orc:2        Vaults (5/5) D:14
  Crypt (3/3) Vaults:3       Tomb (0/3) Crypt:3      Depths (4/4) D:15
   Hell (visited)             Dis (0/7) Hell            Geh (0/7) Hell
    Coc (0/7) Hell            Tar (7/7) Hell            Zot (5/5) Depths:4
  Sewer (visited)         Volcano (visited)

Altars:
Ashenzari
Cheibriados
Dithmenos
Gozag
Kikubaaqudgha
Makhleb
Ru
Trog
Xom

Shops:
D:5 =   D:6 (   D:11 [   D:13 (   Orc:2 =(*[([*=   Elf:1 !   Elf:2 [
Snake:2 =*   Snake:3 *[[*?   Vaults:2 [   Vaults:4 !   Depths:2 ?

Portals:
Hell: Depths:1 Depths:3 Depths:4
Abyss: Depths:1 Depths:2 Depths:3 Depths:4
Pandemonium: Depths:2 Depths:4
Ziggurat: Depths:1

Annotations:
Depths:1 1 runed translucent door
Zot:1 1 runed translucent door, Wefy's ghost, legendary GnIE


Innate Abilities, Weirdness & Mutations

You are a fearsome dragon!
You have a powerful clawing attack.
Your giant scaled body is strong and resiliant, but less evasive.
You can breathe fire.
You are flying.
Your maximum health is greatly increased.
Your armour is entirely melded.
You are incapable of wielding weapons or throwing items.
You cannot wear most types of armour.
You are amphibious.
You can wear up to eight rings at the same time.
((Your skin changes colour to match your surroundings (Stealth+).))
((Your rubbery body absorbs attacks. (AC +1, EV +1)))
((You are camouflaged when in or above water. (Stealth+)))
((You have tentacles for arms and can constrict up to eight enemies at once.))
You are agile. (Dex +4, Str/Int -1)
You have an increased reservoir of magic. (+10% MP)
You occasionally lose the ability to read scrolls when taking damage.


Message History

The dread lich completely misses you. The Tzitzimitl closely misses you.
The Tzitzimitl bites you!
* * * LOW HITPOINT WARNING * * *
The profane servitor hits you but does no damage.
The profane servitor hits you with a +3 whip!
* * * LOW HITPOINT WARNING * * *
The profane servitor completely misses you. x2
You feel much better.
The profane servitor closely misses you.
The profane servitor completely misses you.
The profane servitor hits you but does no damage.
The profane servitor hits you with a +2 demon whip of freezing.
* * * LOW HITPOINT WARNING * * *
The profane servitor freezes you.
* * * LOW HITPOINT WARNING * * *
The dread lich points at you and mumbles some strange words.
You suddenly lose the ability to move!
The Tzitzimitl engulfs you!
* * * LOW HITPOINT WARNING * * *
The Tzitzimitl drains your vigour!
You feel as though you will be slow longer.
The Tzitzimitl bites you but does no damage.
The profane servitor hits you but does no damage. x2
The profane servitor hits you with a +2 demon whip of freezing!
* * * LOW HITPOINT WARNING * * *
The profane servitor freezes you.
* * * LOW HITPOINT WARNING * * *
The profane servitor hits you with a +2 demon whip of freezing.
* * * LOW HITPOINT WARNING * * *
The profane servitor freezes you.
* * * LOW HITPOINT WARNING * * *
The dread lich touches you but does no damage.
The Tzitzimitl engulfs you but does no damage.
The Tzitzimitl bites you.
* * * LOW HITPOINT WARNING * * *
The profane servitor hits you with a +3 whip.
* * * LOW HITPOINT WARNING * * *
The profane servitor hits you but does no damage.
The profane servitor hits you with a +2 demon whip of freezing!!
You die...
Your body crumbles into a pile of gold.

*,,,,,,,***,8,,,,,,,,8,
#........#*,,,,,,,,,,,,
#........#**,,,,,,,,,,*
#........# ***,,,,,,***
#........#***+******+**
#........##$$********$$
#.........##$$$$,$$$$$#
#......1...############
#.....DL$..............
#.....AA...............
#.....$................
#....^.................
#.............°..⌠.....
#......................
#......................
#......................
#.......#########'#####


You could see 2 profane servitors, a dread lich and a Tzitzimitl.

Vanquished Creatures
  Cerebov (Pan)
  the Royal Jelly (Slime:5)
  Lom Lobon (Pan)
  Mnoleg (Pan)
  Gloorx Vloq (Pan)
  12 ancient liches
  9 dread liches
  2 orbs of fire (Zot:5)
  Mara (Snake:4)
  A juggernaut (Depths:2)
  2 pandemonium lords (Pan)
  Sojobo (Crypt:3)
  Saint Roka (Depths:4)
  4 Killer Klowns (Zot:5)
  Margery (Vaults:2)
  3 curse toes (Zot:1)
  A caustic shrike (Depths:2)
  10 golden dragons
  Geryon (Hell)
  Jory (Vaults:2)
  5 profane servitors
  4 Tzitzimimeh
  6 bone dragons
  A spectral shard shrike (Tar:4)
  3 electric golems
  12 doom hounds
  A walking crystal tome (Depths:3)
  2 Brimstone Fiends (Pan)
  2 Ice Fiends (Pan)
  Jorgrun (Shoals:1)
  13 tentacled monstrosities
  8 tainted leviathans
  25 Orb Guardians (Zot:5)
  A shard shrike skeleton (Crypt:3)
  5 titans
  Mlioglotl (Shoals:3)
  2 deep elf blademasters (Elf:3)
  9 liches
  14 Executioners (Pan)
  The ghost of Notoschet the Severer, an adept DsFi of Gozag (Depths:1)
  21 acid blobs
  2 ancient champions
  Gastronok (Lair:2)
  2 walking frostbound tomes (Depths:3)
  5 sphinxes
  A kraken (Shoals:4)
  5 death cobs
  2 quicksilver dragons (Zot:3)
  Kirke (D:14)
  Agnes (D:15)
  11 shadow dragons
  15 storm dragons
  8 tengu reavers
  Aizul (Snake:4)
  2 revenants
  6 draconian monks
  Donald (Vaults:1)
  Ilsuiw (Shoals:3)
  A demonspawn warmonger (Pan)
  4 nagarajas (Snake:4)
  12 fire giants
  7 rockslimes
  7 frost giants
  7 draconian knights
  9 azure jellies
  2 orc warlords
  7 deep elf sorcerers
  3 draconian scorchers
  20 vault wardens
  3 iron dragons
  4 spectral caustic shrikes
  3 ghost moths
  Louise (D:15)
  5 draconian shifters
  7 deep elf elementalists (Elf:3)
  2 curse skulls
  7 cacodemons (Pan)
  10 balrugs
  2 demonspawn corrupters (Pan)
  15 very ugly things
  5 draconian annihilators
  7 reapers
  A draconian stormcaller (Depths:4)
  2 demonspawn blood saints (Pan)
  5 war gargoyles
  21 stone giants
  6 quicksilver oozes (Slime:5)
  16 ironbound thunderhulks
  A juggernaut skeleton (Crypt:2)
  6 vampire knights
  6 putrid mouths
  7 black draconians
  23 ironbound preservers
  6 formless jellyfish
  11 green draconians
  8 deep elf demonologists
  3 demonspawn black suns (Pan)
  6 deep elf annihilators
  8 yellow draconians
  11 dire elephants
  A spectral titan (Tar:3)
  6 lorocyprocas
  14 white draconians
  5 eidola
  12 purple draconians
  10 red draconians
  5 blizzard demons (Pan)
  5 deep elf death magi
  A spectral quicksilver dragon (Tar:4)
  10 merfolk impalers
  7 green deaths
  4 merfolk javelineers
  A quicksilver dragon zombie (Hell)
  12 ettins
  14 fire dragons
  An iron golem (Depths:1)
  9 deep elf high priests
  23 yaktaur captains
  An entropy weaver (shapeshifter) (D:14)
  14 great orbs of eyes
  5 spectral spriggans
  Josephine (Lair:4)
  3 entropy weavers
  9 jiangshi
  5 rakshasas
  A quicksilver dragon skeleton (Crypt:1)
  A spectral shadow dragon (Tar:2)
  5 ice dragons
  A juggernaut simulacrum (Depths:1)
  A catoblepas (Lair:3)
  33 vault guards
  Erolcha (Orc:1)
  2 ogre magi (Vaults:5)
  2 salamander tyrants
  3 spriggan air magi
  27 centaur warriors
  3 peacekeepers
  15 hydras
  A spriggan skeleton (Crypt:3)
  9 ironbound frosthearts
  8 merfolk aquamancers
  4 merfolk avatars
  11 two-headed ogres
  5 anacondas
  36 dancing weapons
  7 boulder beetles
  11 deep troll shamans
  4 satyrs
  17 naga warriors
  A hell hog (Depths:4)
  4 death knights
  5 deep troll earth magi
  A satyr (shapeshifter) (Vaults:5)
  7 tengu warriors
  3 shock serpents
  A spectral dire elephant (Tar:1)
  9 vampire magi
  19 naga sharpshooters
  3 thrashing horrors (Abyss:1)
  20 soul eaters
  A spectral storm dragon (Tar:1)
  5 orc high priests (Elf:1)
  6 demonic crawlers (Pan)
  20 hell knights
  Sonja (Orc:1)
  24 deep elf knights
  6 spriggan berserkers
  A wretched star (Abyss:1)
  A storm dragon zombie (Crypt:1)
  36 sun demons
  7 skeletal warriors
  5 iron trolls
  7 salamander mystics
  63 deep trolls
  A bunyip zombie (Hell)
  3 skysharks
  8 shadow wraiths
  8 sixfirhies
  18 sea snakes
  A spectral anaconda (Tar:1)
  4 naga ritualists
  A spectral iron dragon (Tar:1)
  6 glowing orange brains
  2 spectral hydras
  A sun moth (Shoals:2)
  14 flayed ghosts
  An obsidian statue (Zot:5)
  A sphinx zombie (Vaults:1)
  9 deep elf archers
  A lindwurm (shapeshifter) (Abyss:1)
  3 orb spiders (Zot:4)
  23 phantasmal warriors
  7 necromancers
  10 orc knights
  12 wizards
  19 ironbound convokers
  33 harpies
  8 lindwurms
  Pikel (D:7)
  A golden dragon skeleton (Crypt:3)
  36 deep elf pyromancers
  31 deep elf zephyrmancers
  A wolf spider (shapeshifter) (Depths:2)
  17 fauns
  13 cyclopes
  27 ugly things
  7 mana vipers
  5 orc sorcerers
  An oklob plant (Lair:3)
  2 shadow dragon skeletons
  An eleionoma zombie (Crypt:1)
  14 manticores
  2 spectral centaurs
  A worldbinder (Abyss:1)
  25 large abominations
  6 shining eyes
  A spectral ettin (Tar:1)
  37 moths of wrath
  A guardian serpent (Snake:4)
  20 salamanders
  A will-o-the-wisp (Abyss:1)
  A guardian serpent (shapeshifter) (Vaults:5)
  A naga zombie (Hell)
  Maurice (Orc:1)
  An ice statue (Hell)
  13 merfolk sirens
  13 naga magi
  A stone giant skeleton (Pan)
  5 water nymphs
  8 apocalypse crabs (Zot:1)
  A jorogumo skeleton (Crypt:2)
  23 vault sentinels
  2 yaktaur zombies (Vaults:1)
  5 torpor snails (Lair:5)
  10 fire giant skeletons (Crypt:3)
  3 eyes of devastation
  15 smoke demons
  25 black mambas
  2 rust devils (Hell)
  7 cane toads
  6 gargoyles
  11 orange demons
  3 molten gargoyles (Hell)
  A dire elephant skeleton (Crypt:3)
  2 naga skeletons
  13 komodo dragons
  4 hellions
  A centaur skeleton (Pan)
  48 yaktaurs
  6 freezing wraiths
  7 efreet
  2 unseen horrors
  A yaktaur (shapeshifter) (D:14)
  An orb spider zombie (Crypt:2)
  A spectral harpy (Tar:1)
  5 tengu conjurers
  5 spectral nagas
  4 tormentors
  16 rime drakes
  2 ice devils
  A kobold demonologist (D:12)
  2 silent spectres (Tar:5)
  10 polar bears (Lair:5)
  A hydra zombie (Hell)
  8 red devils
  A yellow draconian skeleton (Crypt:1)
  9 hellwings (Pan)
  A polar bear (shapeshifter) (D:14)
  2 ancient zymes (Abyss:1)
  An elf skeleton (Vaults:5)
  9 trolls
  7 tyrant leeches
  5 wind drakes
  A merfolk (shapeshifter) (D:14)
  Grinder (D:3)
  A wind drake (shapeshifter) (Depths:4)
  A hydra skeleton (Crypt:3)
  21 blink frogs
  42 merfolk
  A tarantella (Zot:4)
  A raiju (Lair:5)
  An alligator zombie (Crypt:2)
  9 hornets
  4 dream sheep
  9 snapping turtles
  A frost giant simulacrum (Vaults:5)
  3 jumping spiders
  62 slime creatures
  6 flying skulls (Abyss:1)
  8 air elementals
  A culicivora (shapeshifter) (Vaults:3)
  4 ynoxinuls
  23 yaks
  6 shadows (Crypt:3)
  2 culicivoras (Vaults:4)
  An ettin skeleton (Pan)
  A hog (shapeshifter) (Vaults:5)
  14 wyverns
  A dire elephant simulacrum (Abyss:1)
  9 starcursed masses (Abyss:1)
  19 water elementals
  14 wraiths
  5 fire bats (Volcano)
  11 vampires
  5 fire elementals
  7 fire dragon skeletons
  6 basilisks
  13 neqoxecs (Pan)
  11 golden eyes
  2 hogs (D:14)
  A redback (shapeshifter) (Vaults:5)
  A wind drake skeleton (Crypt:1)
  A yaktaur simulacrum (Vaults:5)
  A golden eye (shapeshifter) (D:9)
  9 chaos spawn
  5 redbacks
  10 steam dragons
  5 vampire mosquitoes (D:14)
  7 wargs
  A two-headed ogre zombie (Crypt:3)
  4 acid dragons
  Edmund (D:4)
  A swamp worm (shapeshifter) (Depths:3)
  24 water moccasins
  49 nagas
  An acid dragon (shapeshifter) (D:13)
  A floating eye (Slime:3)
  Duvessa (D:4)
  16 hell hounds (Lair:5)
  6 small abominations (Abyss:1)
  Pargi (Sewer)
  41 orc warriors
  A swamp dragon zombie (Crypt:1)
  2 ice beasts
  A sky beast (D:6)
  11 ogres
  13 black bears
  29 wolves
  17 centaurs
  4 lemures (D:7)
  An elf zombie (Elf:1)
  A phantom (D:5)
  A salamander zombie (Crypt:1)
  6 kobold brigands
  3 gnoll sergeants
  11 bullfrogs
  5 earth elementals
  3 scorpions
  11 wights
  Dowan (D:4)
  A human simulacrum (Vaults:5)
  A polar bear zombie (Crypt:2)
  An electric eel (Lair:1)
  12 howler monkeys
  2 crimson imps (Pan)
  2 quasits (Abyss:1)
  6 jellies
  Crazy Yiuf (D:4)
  3 gnoll boudas
  21 orc priests
  10 hounds
  A sleepcap (D:4)
  A hell rat (Hell)
  4 iguanas
  29 orc wizards
  15 gnolls
  3 adders
  A river rat (D:5)
  2 shadow imps
  A white imp (D:7)
  7 ufetubi
  3 worms
  6 dart slugs
  84 orcs
  4 bats
  A bat skeleton (Crypt:2)
  7 endoplasms
  8 giant cockroaches
  5 goblins
  11 hobgoblins
  5 jackals
  6 quokkas
  7 ball pythons
  7 frilled lizards
  A goblin zombie (Crypt:2)
  A hobgoblin skeleton (Crypt:2)
  24 kobolds
  4 rats
  A butterfly (Lair:2)
  A lurking horror (Abyss:1)
  3 tentacles (Shoals:4)
2922 creatures vanquished.

Vanquished Creatures (collateral kills)
  A Tzitzimitl (Tar:5)
  4 tainted leviathans
  An Executioner (Pan)
  A balrug (Pan)
  A cacodemon (Pan)
  A putrid mouth (Tar:5)
  A kraken zombie (Hell)
  A spectral iron giant (Tar:6)
  2 hell beasts (Pan)
  A demonic crawler (Pan)
  6 sun demons (Pan)
  4 hell knights (Hell)
  2 anaconda zombies (Hell)
  6 shadow wraiths
  2 wizards (Pan)
  An iron dragon skeleton (Pan)
  A smoke demon (Pan)
  A hellion (Tar:5)
  An orange demon (Pan)
  A tormentor (Tar:5)
  An ice devil (Hell)
  2 hydra zombies (Hell)
  A spectral naga (Tar:4)
  An efreet (Pan)
  3 silent spectres
  A hellwing (Pan)
  2 alligator zombies (Hell)
  3 ynoxinuls (Pan)
  2 neqoxecs (Pan)
  3 large abominations (Pan)
  5 crimson imps (Pan)
  A hell rat (Hell)
64 creatures vanquished.

Vanquished Creatures (others)
  A Brimstone Fiend (Pan)
  A tainted leviathan (Tar:5)
  A lich (Pan)
  An Executioner (Pan)
  7 balrugs
  2 draconian annihilators (Pan)
  A war gargoyle (Hell)
  A very ugly thing (Pan)
  A demonspawn blood saint (Pan)
  3 putrid mouths
  A red draconian (Zot:5)
  2 green deaths (Pan)
  A blizzard demon (Hell)
  A merfolk javelineer (Shoals:4)
  A boulder beetle (D:14)
  A demonic crawler (Pan)
  A soul eater (Hell)
  8 sun demons
  13 hell knights (Hell)
  A shadow wraith (Tar:7)
  A sixfirhy (Pan)
  A glowing orange brain (Pan)
  A phantasmal warrior (Hell)
  5 necromancers (Hell)
  A deep elf pyromancer (Shoals:2)
  6 rust devils (Hell)
  7 smoke demons
  3 molten gargoyles (Hell)
  7 orange demons (Pan)
  2 centaur skeletons (Pan)
  An efreet (Pan)
  2 red devils (Hell)
  2 large abominations (Pan)
  A hellwing (Pan)
  An air elemental (Elf:1)
  A water elemental (Elf:1)
  2 ynoxinuls (Pan)
  A human (D:14)
  A sea snake simulacrum (Hell)
  An orc warrior (Vaults:5)
  A crimson imp (Pan)
  2 hell rats (Hell)
  An orc (Elf:1)
  5 ball lightnings (Pan)
  3 foxfires (Abyss:1)
  2 starspawn tentacles (Shoals:3)
  15 tentacles
125 creatures vanquished.

Grand Total: 3111 creatures vanquished

Notes
Turn   | Place    | Note
-------+----------+-------------------------------------------
     0 | D:1      | LustLizard the Octopode Shapeshifter began the quest for
                  | the Orb.
     0 | D:1      | Reached XP level 1. HP: 14/14 MP: 1/1
    83 | D:1      | Reached XP level 2. HP: 10/19 MP: 2/2
   265 | D:1      | Reached XP level 3. HP: 23/24 MP: 3/3
   278 | D:1      | Found a faded altar of an unknown god.
   354 | D:1      | Prayed at the altar of an unknown god.
   354 | D:1      | Became a worshipper of Gozag Ym Sagoz the Greedy
   707 | D:2      | Identified the +4 rapier "Guagrorch" {venom, rF+ Dex+5}
   751 | D:2      | Reached skill level 3 in Unarmed Combat
   751 | D:2      | Reached XP level 4. HP: 30/30 MP: 4/4
  1684 | D:3      | Reached XP level 5. HP: 33/36 MP: 5/5
  1912 | D:3      | Noticed Grinder
  1935 | D:3      | Killed Grinder
  1936 | D:3      | Reached skill level 4 in Unarmed Combat
  1936 | D:3      | Reached XP level 6. HP: 20/42 MP: 6/6
  2093 | D:3      | Found a sacrificial altar of Ru.
  2553 | D:4      | Reached XP level 7. HP: 46/46 MP: 7/7
  2660 | D:4      | Reached skill level 5 in Unarmed Combat
  3073 | D:4      | Found a bloodstained altar of Trog.
  3194 | D:4      | You fall into a shaft and drop 2 floors!
  3235 | D:6      | Found Niaczaso's Weapon Emporium.
  3427 | D:6      | Reached XP level 8. HP: 52/54 MP: 8/8
  3517 | D:6      | Reached skill level 6 in Unarmed Combat
  3977 | D:6      | Reached skill level 5 in Fighting
  3977 | D:6      | Reached skill level 5 in Dodging
  4286 | D:5      | Entered Level 5 of the Dungeon
  4296 | D:5      | Reached skill level 7 in Unarmed Combat
  4296 | D:5      | Reached skill level 5 in Shapeshifting
  4335 | D:5      | Reached XP level 9. HP: 59/61 MP: 9/9
  4350 | D:5      | Found a glowing drain.
  4354 | Sewer    | Entered a sewer
  4384 | Sewer    | Noticed Pargi
  4401 | Sewer    | Killed Pargi
  4614 | D:5      | Found Goethoem's Jewellery Shoppe.
  4826 | D:4      | Noticed Edmund
  4833 | D:4      | Killed Edmund
  5240 | D:4      | Found a runed translucent door.
  5241 | D:4      | Noticed Crazy Yiuf
  5246 | D:4      | Killed Crazy Yiuf
  5294 | D:4      | Noticed Duvessa
  5296 | D:4      | Noticed Dowan
  5302 | D:4      | Killed Duvessa
  5305 | D:4      | Killed Dowan
  5403 | D:4      | Reached skill level 8 in Unarmed Combat
  5599 | D:5      | Bought a ring of poison resistance for 200 gold pieces
  5599 | D:5      | Bought a +4 ring of protection for 360 gold pieces
  5848 | D:5      | Found a staircase to the Ecumenical Temple.
  6163 | D:7      | Noticed Pikel
  6475 | D:7      | Reached XP level 10. HP: 60/69 MP: 8/10
  6497 | D:7      | Reached skill level 9 in Unarmed Combat
  6824 | D:7      | Killed Pikel
  7231 | D:8      | Found a staircase to the Lair.
  7442 | D:8      | Reached skill level 10 in Unarmed Combat
  7633 | D:8      | Found a large runed translucent door.
  7634 | D:8      | Found a large runed translucent door.
  8195 | D:8      | Found a broken altar of Ashenzari.
  8209 | D:8      | Found a shadowy altar of Dithmenos.
  8349 | D:9      | Noticed a centaur warrior
  8362 | D:9      | Killed a centaur warrior
  8363 | D:9      | Reached XP level 11. HP: 34/76 MP: 5/11
  8598 | D:9      | Noticed a five-headed hydra
  8681 | D:9      | Identified the amulet of the Impish God {Reflect rN+ Str+3
                  | Slay+2 SH+5}
  8925 | D:9      | Identified the +3 short sword of the Vase {freeze, Int+2}
  8926 | D:9      | Found a runed translucent door.
  8926 | D:9      | Noticed a tengu warrior
  8952 | D:9      | Reached skill level 11 in Unarmed Combat
  9145 | D:10     | Entered Level 10 of the Dungeon
  9216 | D:10     | Noticed a two-headed ogre
  9598 | D:10     | Learned a level 2 spell: Blink
  9795 | D:11     | Noticed a cyclops
  9979 | D:11     | Found Uschiemo's Armour Emporium.
 10004 | D:11     | Found a shadowy altar of Dithmenos.
 10153 | D:11     | Reached skill level 1 in Translocations
 10186 | D:11     | Noticed a two-headed ogre
 10262 | D:11     | Reached skill level 1 in Evocations
 10311 | D:11     | Killed a two-headed ogre
 10663 | D:10     | Killed a two-headed ogre
 10815 | D:9      | Noticed a seven-headed hydra
 10830 | D:9      | Noticed a two-headed ogre
 10853 | D:9      | Killed a tengu warrior
 11037 | D:9      | Noticed a boulder beetle
 11045 | D:9      | Killed a boulder beetle
 11046 | D:9      | Reached skill level 12 in Unarmed Combat
 11046 | D:9      | Reached XP level 12. HP: 70/84 MP: 12/12
 11048 | D:9      | Noticed a deep elf knight
 11275 | D:12     | Noticed a two-headed ogre
 11286 | D:12     | Killed a two-headed ogre
 11519 | D:12     | Noticed a two-headed ogre
 11527 | D:12     | Killed a two-headed ogre
 11705 | D:12     | Reached skill level 1 in Stealth
 11853 | D:12     | Found a staircase to the Orcish Mines.
 12320 | D:11     | Noticed a boulder beetle
 12454 | D:11     | Killed a boulder beetle
 12534 | D:11     | Noticed a deep troll earth mage
 12540 | D:11     | Killed a deep troll earth mage
 12725 | D:9      | Killed a two-headed ogre
 12783 | D:9      | Killed a five-headed hydra
 12840 | D:9      | Got the Spellbook of Conflagrant Transition
 12840 | D:9      | Got Coxtawemn's Parchment of Geology
 12989 | D:9      | Killed a seven-headed hydra
 13028 | D:9      | Killed a deep elf knight
 13032 | D:9      | Reached skill level 13 in Unarmed Combat
 13032 | D:9      | Reached XP level 13. HP: 90/90 MP: 13/13
 13048 | D:9      | Noticed a fire dragon
 13058 | D:9      | Killed a fire dragon
 13059 | D:9      | Reached skill level 5 in Evocations
 13148 | Lair:1   | Entered Level 1 of the Lair of Beasts
 13291 | Lair:1   | Reached skill level 5 in Stealth
 13894 | Lair:1   | You fall into a shaft and drop 1 floor!
 13894 | Lair:2   | Found a staircase to the Snake Pit.
 13952 | Lair:2   | Noticed Gastronok
 13963 | Lair:2   | Killed Gastronok
 14085 | Lair:2   | Reached skill level 10 in Fighting
 14101 | Lair:2   | Reached skill level 10 in Dodging
 14126 | Lair:2   | Found a burning altar of Makhleb.
 14159 | Lair:2   | Found a dark tunnel.
 14166 | Volcano  | Entered a volcano
 14799 | Volcano  | Noticed a fire dragon
 14806 | Volcano  | Reached skill level 14 in Unarmed Combat
 14813 | Volcano  | Killed a fire dragon
 15959 | Lair:2   | Found a staircase to the Shoals.
 16255 | Lair:3   | Reached XP level 14. HP: 99/99 MP: 14/14
 17033 | Lair:4   | Noticed Josephine
 17045 | Lair:4   | Killed Josephine
 18020 | Lair:5   | Entered Level 5 of the Lair of Beasts
 18220 | Lair:5   | Found a staircase to the Slime Pits.
 18474 | Lair:5   | Reached skill level 15 in Unarmed Combat
 18623 | Lair:5   | Reached skill level 5 in Translocations
 19259 | Lair:5   | Reached XP level 15. HP: 107/107 MP: 15/15
 19573 | Lair:5   | Identified the +7 long sword of the Magi {holy, rN+}
 19740 | Lair:5   | Reached skill level 10 in Shapeshifting
 20009 | Lair:5   | Found a runed translucent door.
 20363 | Lair:5   | Paralysed by a hornet for 2 turns
 21104 | Orc:1    | Entered Level 1 of the Orcish Mines
 21106 | Orc:1    | Noticed Sonja
 21109 | Orc:1    | Killed Sonja
 21127 | Orc:1    | Noticed Erolcha
 21130 | Orc:1    | Found a shimmering altar of Xom.
 21133 | Abyss:1  | Cast into level 1 of the Abyss (Erolcha)
 21243 | Abyss:1  | Reached skill level 16 in Unarmed Combat
 21930 | Orc:1    | Escaped the Abyss
 21933 | Orc:1    | Killed Erolcha
 21939 | Orc:1    | Noticed Maurice
 21948 | Orc:1    | Killed Maurice
 22224 | Orc:2    | Entered Level 2 of the Orcish Mines
 22311 | Orc:2    | Found Jutiok's Antique Armour Emporium.
 22344 | Orc:2    | Found a staircase to the Elven Halls.
 22350 | Orc:2    | Found Vut Lytawk's Jewellery Boutique.
 22431 | Orc:2    | Found Laimn's Assorted Antiques.
 22446 | Orc:2    | Found Ennos's Jewellery Shop.
 22841 | Orc:2    | Reached XP level 16. HP: 114/114 MP: 16/16
 23034 | Orc:2    | Found Sakhoasch's Armour Emporium.
 23034 | Orc:2    | Found Yrribura's Assorted Antiques.
 23036 | Orc:2    | Found Zyligi's Antique Weapon Shop.
 23038 | Orc:2    | Found Headeg's Antique Weapon Shoppe.
 23043 | Orc:2    | Bought a scroll labelled XIADDI CESE for 28 gold pieces
 23043 | Orc:2    | Bought a scroll labelled KOAWNU ABAH for 28 gold pieces
 23084 | Orc:2    | Bought the ring "Omuemi" {MP+9 EV+5 Str+3 Dex+4 SInv} for
                  | 1050 gold pieces
 23361 | D:13     | Found Epic's Antique Weapon Shop.
 24233 | D:14     | Reached skill level 17 in Unarmed Combat
 24244 | D:14     | Found a gate to the Vaults.
 24987 | D:14     | Noticed Kirke
 25001 | D:14     | Killed Kirke
 25479 | D:14     | Got the Spellbook of Graupel and Incineration
 25616 | D:14     | Identified the +1 sling of Focus {speed, Str+3}
 25943 | D:15     | Entered Level 15 of the Dungeon
 25943 | D:15     | Noticed Louise
 25978 | D:15     | Found a staircase to the Depths.
 26263 | D:15     | Noticed Agnes
 26272 | D:15     | Killed Agnes
 26635 | D:15     | Identified the +11 scimitar of Dytoss {pain, Fragile rN++
                  | Stlth+}
 26653 | D:15     | Killed Louise
 27293 | D:5      | Bought a ring of willpower for 250 gold pieces
 27384 | Shoals:1 | Entered Level 1 of the Shoals
 27390 | Shoals:1 | Reached XP level 17. HP: 122/122 MP: 17/17
 27795 | Shoals:1 | Noticed Jorgrun
 27803 | Shoals:1 | Killed Jorgrun
 27804 | Shoals:1 | Reached skill level 18 in Unarmed Combat
 28440 | Shoals:1 | Learned a level 4 spell: Manifold Assault
 28995 | Shoals:2 | HP: 4/147 [something/bolt of fire (6)]
 31559 | Shoals:3 | Noticed Ilsuiw
 31750 | Shoals:3 | Killed Ilsuiw
 31751 | Shoals:3 | Reached XP level 18. HP: 65/130 MP: 18/18
 31882 | Shoals:3 | Noticed Mlioglotl
 31995 | Shoals:3 | Killed Mlioglotl
 32368 | Shoals:3 | Reached skill level 19 in Unarmed Combat
 32604 | Shoals:3 | Identified a scroll of acquirement
 32605 | Shoals:3 | Acquired the ring "Fumidol" {rPois rF+ rN+ Int+4}
 32648 | Shoals:3 | Reached skill level 10 in Translocations
 33304 | Shoals:4 | Entered Level 4 of the Shoals
 34619 | Shoals:4 | Got a barnacled rune of Zot
 36421 | Snake:1  | Entered Level 1 of the Snake Pit
 37726 | Snake:2  | Found Aclutoc's General Store.
 37735 | Snake:2  | Found Aqiupp's Jewellery Shop.
 37748 | Snake:2  | Bought the ring "Fiott" {EV+5 Dex+5} for 963 gold pieces
 38271 | Snake:2  | Reached XP level 19. HP: 137/137 MP: 19/19
 38732 | Snake:3  | Acquired 1276 gold pieces
 38751 | Snake:3  | Found Vialudy's General Store.
 38913 | Snake:3  | Bought a phial of floods for 760 gold pieces
 38921 | Snake:3  | Found Cuusits's Magic Scroll Emporium.
 38930 | Snake:3  | Bought a scroll of teleportation for 48 gold pieces
 38943 | Snake:3  | Reached skill level 20 in Unarmed Combat
 39457 | Snake:3  | Found Tiaschos's Assorted Antiques.
 39465 | Snake:3  | Bought a scroll of teleportation for 111 gold pieces
 39465 | Snake:3  | Bought a potion of resistance for 370 gold pieces
 39465 | Snake:3  | Bought a potion of curing for 111 gold pieces
 39480 | Snake:3  | Found Veodwon's Antique Armour Emporium.
 39597 | Snake:3  | Found Kovy's Antique Armour Shoppe.
 39605 | Snake:3  | Bought the +2 hood of the Assassin {Detect Stab+ Stlth++}
                  | for 1860 gold pieces
 39605 | Snake:3  | Found the +2 hood of the Assassin {Detect Stab+ Stlth++}
 39617 | Snake:4  | Entered Level 4 of the Snake Pit
 40049 | Snake:4  | Noticed Aizul
 40057 | Snake:4  | Killed Aizul
 40238 | Snake:4  | Reached skill level 15 in Fighting
 40262 | Snake:4  | Noticed Mara
 40273 | Snake:4  | Killed Mara
 40870 | Snake:4  | Reached skill level 15 in Dodging
 41586 | Snake:4  | Got a serpentine rune of Zot
 41955 | Vaults:1 | Entered Level 1 of the Vaults
 42550 | Vaults:1 | Reached XP level 20. HP: 145/145 MP: 20/20
 43063 | Vaults:1 | Reached skill level 21 in Unarmed Combat
 44128 | Vaults:1 | Noticed Donald
 44136 | Vaults:1 | Killed Donald
 45646 | Vaults:2 | Identified the +9 shortbow "Qepoynka" {drain, rF+}
 45672 | Vaults:2 | Noticed Jory
 45681 | Vaults:2 | Killed Jory
 45927 | Vaults:2 | Reached XP level 21. HP: 153/153 MP: 21/21
 45982 | Vaults:2 | Noticed Margery
 46004 | Vaults:2 | Killed Margery
 46486 | Vaults:2 | Found Xodghil's Armour Shop.
 46538 | Vaults:2 | Identified the ring "Joklamp" {rPois SInv}
 46556 | Vaults:2 | Reached skill level 22 in Unarmed Combat
 46564 | Vaults:2 | Identified the +5 war axe of Summer {drain, rN+ Will- rCorr
                  | Str+4}
 47472 | Vaults:3 | Learned a level 5 spell: Summon Forest
 47548 | Vaults:3 | Reached skill level 1 in Summonings
 48295 | Vaults:3 | Found a staircase to the Crypt.
 48949 | Vaults:4 | Reached XP level 22. HP: 162/162 MP: 22/22
 50028 | Vaults:4 | Found Padusaso's Distillery.
 50048 | Vaults:4 | Bought a potion of enlightenment for 55 gold pieces
 50048 | Vaults:4 | Bought a potion of enlightenment for 55 gold pieces
 50048 | Vaults:4 | Bought a potion of heal wounds for 55 gold pieces
 50048 | Vaults:4 | Bought a potion of heal wounds for 55 gold pieces
 50485 | Elf:1    | Entered Level 1 of the Elven Halls
 50517 | Elf:1    | Reached skill level 23 in Unarmed Combat
 51290 | Elf:1    | Got the Handbook of Maleficent Arts
 51484 | Elf:1    | Paralysed by an air elemental for 1 turns
 51489 | Elf:1    | Reached skill level 5 in Summonings
 51850 | Elf:1    | Found Zaba's Distillery.
 51854 | Elf:1    | Bought a potion of cancellation for 88 gold pieces
 51854 | Elf:1    | Bought a potion of haste for 110 gold pieces
 51854 | Elf:1    | Bought a potion of heal wounds for 55 gold pieces
 51854 | Elf:1    | Bought a potion of heal wounds for 55 gold pieces
 51854 | Elf:1    | Bought a potion of invisibility for 88 gold pieces
 52195 | Elf:2    | Paralysed by an air elemental for 1 turns
 52583 | Elf:2    | Found Lyokkon's Antique Armour Shoppe.
 52622 | Elf:2    | Paralysed by an air elemental for 1 turns
 52750 | Elf:2    | Paralysed by an air elemental for 1 turns
 52775 | Elf:2    | Identified the +5 spear "Roahyn" {freeze, Will++}
 52915 | Elf:2    | Found a runed translucent gate.
 52916 | Elf:2    | Found a runed translucent gate.
 52916 | Elf:2    | Found a runed translucent gate.
 53146 | Elf:2    | Reached XP level 23. HP: 107/169 MP: 23/23
 53735 | Elf:3    | Entered Level 3 of the Elven Halls
 53881 | Elf:3    | Identified the +5 rapier of Extinguishment {pain, rC+
                  | Str+7}
 54254 | Elf:3    | Identified the +9 spear of Severance {antimagic, Dex+3
                  | SInv}
 54336 | Elf:3    | Identified the +0 battleaxe "Lettul" {drain, Dex+3}
 54350 | Elf:3    | Identified the +1 chain mail "Vagoceh" {rN+}
 54524 | Elf:3    | Identified the +9 spear of Hepliaklqana's Pride {heavy,
                  | Drain rElec rPois rC+}
 54618 | Elf:3    | Identified the +6 short sword of the Lusting Gods {drain,
                  | rF+ rC+ rN+ Stlth+}
 54730 | Elf:3    | Found the +3 hat of Pondering {ponderous, Will+ MP+10
                  | Int+5}
 54736 | Elf:3    | Got the Folio of Disgusting Stones
 54739 | Elf:3    | Identified the staff of the Golden God {rF+ Int+2 Fire}
 54751 | Elf:3    | Identified the +5 scale mail of Hospitality {rCorr}
 55376 | Depths:1 | Entered Level 1 of the Depths
 55381 | Depths:1 | Found a runed translucent door.
 55406 | Depths:1 | Noticed an ancient lich
 55407 | Depths:1 | Found a one-way gateway to a ziggurat.
 55407 | Depths:1 | Noticed an ancient lich
 55428 | Depths:1 | HP: 6/204 [ancient lich/bolt of acid (22)]
 55866 | Depths:1 | Killed an ancient lich
 55894 | Depths:1 | Reached skill level 15 in Shapeshifting
 56068 | Depths:1 | Killed an ancient lich
 56069 | Depths:1 | Reached skill level 24 in Unarmed Combat
 56338 | Depths:1 | Found a one-way gate to the infinite horrors of the Abyss.
 56367 | Depths:1 | Noticed a dread lich
 56370 | Depths:1 | Noticed Notoschet's ghost (adept DsFi)
 56374 | Depths:1 | Found a runed translucent door.
 56542 | Depths:1 | Found a snail-covered altar of Cheibriados.
 56727 | Depths:1 | Found a gateway to Hell.
 57062 | Depths:1 | Killed a dread lich
 57093 | Depths:1 | Killed Notoschet's ghost
 57104 | Depths:1 | Reached skill level 15 in Translocations
 57247 | Depths:2 | Reached XP level 24. HP: 140/177 MP: 23/23
 57623 | Depths:2 | Noticed a caustic shrike
 57629 | Depths:2 | Killed a caustic shrike
 57924 | Depths:2 | Noticed a juggernaut
 57929 | Depths:2 | Killed a juggernaut
 58213 | Depths:2 | Found Xaem's Magic Scroll Emporium.
 58256 | Depths:2 | Bought a scroll of blinking for 135 gold pieces
 58256 | Depths:2 | Bought a scroll of teleportation for 54 gold pieces
 58256 | Depths:2 | Bought 3 scrolls of teleportation for 162 gold pieces
 58318 | Depths:2 | Found a portal to a secret trove of treasure.
 58443 | Depths:2 | Found a one-way gate leading to the halls of Pandemonium.
 58607 | Depths:2 | Identified the ring of Fedhas's Favour {Fire rN+ Str+2
                  | Int+3 Stlth+}
 58778 | Depths:3 | Noticed an ancient lich
 58790 | Depths:3 | Killed an ancient lich
 59938 | Depths:4 | Entered Level 4 of the Depths
 59952 | Depths:4 | Noticed Saint Roka
 59956 | Depths:4 | Killed Saint Roka
 60733 | Depths:4 | Reached XP level 25. HP: 184/184 MP: 23/23
 60734 | Depths:4 | Reached skill level 25 in Unarmed Combat
 61037 | Depths:4 | Got the Elucidation of Electricity and Glamour
 61262 | Depths:4 | Found a gate to the Realm of Zot.
 61581 | Vaults:5 | Entered Level 5 of the Vaults
 61825 | Vaults:5 | Noticed a dread lich
 61826 | Vaults:5 | Noticed an ancient lich
 61837 | Vaults:4 | Killed a dread lich
 61934 | Vaults:5 | Noticed a dread lich
 61967 | Vaults:5 | Killed a dread lich
 61972 | Vaults:5 | Killed an ancient lich
 62366 | Vaults:5 | Reached skill level 10 in Summonings
 62534 | Vaults:5 | Identified the +8 long sword "Cofoira" {drain, Dex+5}
 64008 | Vaults:5 | Identified the +1 short sword of Impatience {freeze, rPois
                  | Dex+2}
 64038 | Vaults:5 | Reached XP level 26. HP: 193/193 MP: 23/23
 64186 | Vaults:5 | Identified the +7 orcbow of the Lesser Evil {freeze, rC+
                  | Dex+3}
 64262 | Vaults:5 | Got the Atlas of Geometry and the Black Widow
 64263 | Vaults:5 | Identified the amulet of Gluttony {Spirit rCorr MP+9 Dex+6
                  | Stlth-}
 64541 | Vaults:5 | Identified the staff of Checkmate {rF+ rC+ Fire}
 64659 | Vaults:5 | Got a silver rune of Zot
 65148 | Slime:1  | Entered Level 1 of the Pits of Slime
 65640 | Slime:4  | Gained mutation: You sometimes lose your temper in combat.
                  | [a shining eye]
 65705 | Slime:5  | Entered Level 5 of the Pits of Slime
 65717 | Slime:5  | Reached skill level 26 in Unarmed Combat
 65718 | Slime:5  | Gained mutation: Your spells are a little easier to cast,
                  | but a little less powerful. [a shining eye]
 65719 | Slime:5  | Gained mutation: Your magical capacity is low. (-10% MP) [a
                  | shining eye]
 65722 | Slime:5  | Gained mutation: You occasionally lose the ability to drink
                  | potions when taking damage. [a shining eye]
 65734 | Slime:5  | Lost mutation: You sometimes lose your temper in combat.
                  | [potion of mutation]
 65734 | Slime:5  | Lost mutation: Your spells are a little easier to cast, but
                  | a little less powerful. [potion of mutation]
 65734 | Slime:5  | Lost mutation: Your magical capacity is low. (-10% MP)
                  | [potion of mutation]
 65734 | Slime:5  | Gained mutation: One of your tentacles bears a spike.
                  | [potion of mutation]
 65734 | Slime:5  | Gained mutation: Your flesh is heat resistant. (rF+)
                  | [potion of mutation]
 65995 | Slime:5  | Noticed the Royal Jelly
 66009 | Slime:5  | Killed the Royal Jelly
 66303 | Slime:5  | Identified the +2 robe of the Orcish Mines {Will+ Dex+2}
 66304 | Slime:5  | Identified the +10 glaive of Eternal Vigilance {venom,
                  | rPois}
 66349 | Slime:5  | Got a slimy rune of Zot
 67038 | Depths:2 | You showed the slimy rune of Zot to enter a treasure trove
 67039 | Trove    | Entered a treasure trove
 67074 | Trove    | Found the ring of the Octopus King
 67074 | Trove    | Found the necklace of Bloodlust {Fury *Rage Will++ Int-3
                  | Slay+6}
 67077 | Trove    | Identified a ring of the Octopus King {rN+ HP+2 AC+2 EV+2
                  | SH+2}
 67204 | Zot:1    | Entered Level 1 of the Realm of Zot
 67314 | Zot:1    | Found a runed translucent door.
 67314 | Zot:1    | Noticed Wefy's ghost (legendary GnIE)
 68034 | Zot:1    | Identified the +4 shortbow of Tenacity {speed, rN+ SInv}
 68036 | Zot:1    | Paralysed by you for 3 turns
 69601 | Zot:3    | Reached XP level 27. HP: 201/201 MP: 23/23
 69632 | Zot:3    | Learned a level 5 spell: Summon Mana Viper
 69768 | Zot:3    | Found a transporter.
 70037 | Zot:3    | Found a transporter.
 70078 | Zot:3    | Noticed a dread lich
 70086 | Zot:3    | Reached skill level 1 in Hexes
 70090 | Zot:3    | Paralysed by a dread lich for 2 turns
 70095 | Zot:3    | Killed a dread lich
 70286 | Zot:3    | Identified the ring "Deyllasue" {rElec Will+ EV+5}
 70299 | Zot:3    | Identified the ring of Coicsux {rPois rF+ Int+3 Dex-4}
 70336 | Zot:3    | Identified the +12 chain mail "Jyuneo Zoqemn" {rF- rN+
                  | Regen+}
 71278 | Zot:5    | Entered Level 5 of the Realm of Zot
 71283 | Zot:5    | Reached skill level 27 in Unarmed Combat
 71572 | Zot:5    | Noticed an orb of fire
 71581 | Zot:5    | Noticed an ancient lich
 71585 | Zot:5    | Gained mutation: You sometimes lose the ability to drink
                  | potions when taking damage. [an orb of fire]
 71586 | Zot:5    | Killed an orb of fire
 71588 | Zot:5    | Killed an ancient lich
 71606 | Zot:5    | Noticed a dread lich
 71624 | Zot:5    | Killed a dread lich
 71633 | Zot:5    | Noticed a dread lich
 71640 | Zot:5    | Noticed a dread lich
 71645 | Zot:5    | Noticed a dread lich
 71652 | Zot:5    | Paralysed by a dread lich for 2 turns
 72068 | Zot:5    | Reached skill level 5 in Hexes
 72378 | Zot:5    | Acquired 1240 gold pieces
 72488 | Zot:5    | Killed a dread lich
 72733 | Zot:5    | Killed a dread lich
 72741 | Zot:5    | Noticed an ancient lich
 72742 | Zot:5    | Noticed an ancient lich
 72748 | Zot:5    | Killed an ancient lich
 72760 | Zot:5    | Killed an ancient lich
 72767 | Zot:5    | Noticed a dread lich
 72768 | Zot:5    | Noticed an ancient lich
 72770 | Zot:5    | Noticed an orb of fire
 72775 | Zot:5    | Killed a dread lich
 72780 | Zot:5    | Noticed an ancient lich
 72782 | Zot:5    | Killed an orb of fire
 72785 | Zot:5    | Killed an ancient lich
 72790 | Zot:5    | Killed an ancient lich
 73014 | Zot:5    | Killed a dread lich
 73858 | Orc:2    | Bought a potion of enlightenment for 140 gold pieces
 73858 | Orc:2    | Bought a potion of might for 112 gold pieces
 73902 | Orc:2    | Bought a potion of mutation for 224 gold pieces
 74137 | Snake:2  | Bought a Grand Grimoire for 408 gold pieces
 74386 | Orc:2    | Bought a talisman of death for 1478 gold pieces
 74388 | Orc:2    | Lost mutation: You sometimes lose the ability to drink
                  | potions when taking damage. [potion of mutation]
 74388 | Orc:2    | Lost mutation: Your flesh is heat resistant. (rF+) [potion
                  | of mutation]
 74388 | Orc:2    | Lost mutation: You occasionally lose the ability to drink
                  | potions when taking damage. [potion of mutation]
 74388 | Orc:2    | Lost mutation: One of your tentacles bears a spike. [potion
                  | of mutation]
 74388 | Orc:2    | Gained mutation: You are agile. (Dex +4, Str/Int -1)
                  | [potion of mutation]
 74388 | Orc:2    | Gained mutation: You have an increased reservoir of magic.
                  | (+10% MP) [potion of mutation]
 74683 | Crypt:1  | Entered Level 1 of the Crypt
 74876 | Crypt:1  | Learned a level 8 spell: Summon Horrible Things
 75123 | Crypt:1  | Reached skill level 1 in Spellcasting
 76011 | Crypt:3  | Entered Level 3 of the Crypt
 76530 | Crypt:3  | Reached skill level 15 in Summonings
 76690 | Crypt:3  | Found a staircase to the Tomb.
 76836 | Crypt:3  | Identified the +7 short sword of Karma {flame, Will+ Str+5}
 76837 | Crypt:3  | Identified the +4 broad axe "Wijec" {holy, rPois Stlth+}
 77017 | Crypt:3  | Noticed Sojobo
 77028 | Crypt:3  | Killed Sojobo
 77326 | Crypt:3  | Found an ancient bone altar of Kikubaaqudgha.
 77328 | Crypt:3  | Noticed an ancient lich
 77335 | Crypt:3  | Killed an ancient lich
 77401 | Crypt:3  | Noticed an ancient lich
 77406 | Crypt:3  | Killed an ancient lich
 78245 | Pan      | Entered Pandemonium
 78268 | Pan      | Noticed Ceqawnetto the pandemonium lord
 78277 | Pan      | Killed Ceqawnetto the pandemonium lord
 78324 | Pan      | Got a demonic rune of Zot
 78786 | Pan      | Reached skill level 5 in Spellcasting
 79019 | Pan      | Noticed Hala the pandemonium lord
 79033 | Pan      | Killed Hala the pandemonium lord
 79093 | Pan      | Identified the ring "Atap" {Wiz +Blink Dex+3}
 79278 | Pan      | Entered the realm of Mnoleg.
 79283 | Pan      | Found an exit through the horrors of the Abyss.
 79294 | Pan      | Gained mutation: You occasionally lose the ability to read
                  | scrolls when taking damage. [a shining eye]
 79569 | Pan      | Noticed Mnoleg
 79585 | Pan      | Killed Mnoleg
 79620 | Pan      | Got a glowing rune of Zot
 80020 | Pan      | Found an exit through the horrors of the Abyss.
 80146 | Pan      | Entered the realm of Gloorx Vloq.
 80588 | Pan      | Noticed Gloorx Vloq
 80593 | Pan      | Killed Gloorx Vloq
 80723 | Pan      | Got a dark rune of Zot
 81371 | Pan      | Entered the realm of Lom Lobon.
 81373 | Pan      | Found an exit through the horrors of the Abyss.
 81961 | Pan      | Noticed Lom Lobon
 81978 | Pan      | Killed Lom Lobon
 82333 | Pan      | Got a magical rune of Zot
 82579 | Pan      | Entered the realm of Cerebov.
 82883 | Pan      | Found an exit through the horrors of the Abyss.
 83434 | Pan      | Identified the +4 halberd "Gachit" {spect, Int+3}
 83470 | Pan      | Got the Notes on Wanderlust
 83524 | Pan      | Found the +6 sword of Cerebov {flame}
 83524 | Pan      | Noticed Cerebov
 83539 | Pan      | Killed Cerebov
 83781 | Pan      | Identified the staff "Neujuif" {rN+ MP+9 Necro}
 83784 | Pan      | Identified the ring of Equivalence {Wiz rF+ Int+3}
 83835 | Pan      | Got a fiery rune of Zot
 84028 | Depths:2 | Escaped Pandemonium
 84110 | Hell     | Entered the Vestibule of Hell
 84110 | Hell     | Noticed Geryon
 84134 | Hell     | Killed Geryon
 84155 | Hell     | Found a gateway to the ashen valley of Gehenna.
 84395 | Hell     | Found a gateway to the freezing wastes of Cocytus.
 84525 | Hell     | Found a gateway to the decaying netherworld of Tartarus.
 84852 | Hell     | Found a gateway to the Iron City of Dis.
 85050 | Tar:1    | Entered Level 1 of Tartarus
 85614 | Tar:3    | Noticed an ancient lich
 87091 | Tar:7    | Entered Level 7 of Tartarus
 87092 | Tar:7    | Noticed an ancient lich
 87101 | Tar:7    | Killed an ancient lich
 87123 | Tar:7    | Reached skill level 10 in Spellcasting
 87196 | Tar:7    | Noticed a dread lich
 87224 | Tar:7    | Paralysed by a dread lich for 2 turns
 87224 | Tar:7    | HP: 12/319 [profane servitor/+2 demon whip of freezing (4)]
 87225 | Tar:7    | HP: 5/319 [Tzitzimitl (2)]
 87225 | Tar:7    | Demolished by a profane servitor

Illustrated notes

Levels and vault maps discovered:
D:1:      nagdon_arrival_zigzag_paths, layout_rooms,
          ebering_ecumenical_altar_abandoned
D:2:      layout_loops_corners, st_stairs_3
D:3:      layout_rooms, mainiacjoe_overflow_small_starburst, serial_rivers,
          chequers_serial_rivers_large_a, chequers_serial_rivers_room_a,
          chequers_serial_rivers_small_b, chequers_serial_rivers_small_3,
          st_stairs_2, bh_walls_and_bars, uniq_grinder
D:4:      layout_basic, amcnicky_altar_gilded, uniq_crazy_yiuf_cottage,
          uniq_duvessa, uniq_edmund
D:5:      layout_rooms, minmay_temple_entry_arrows, serial_shops, shop,
          gup_sewer_entry_bowl, minmay_misc_feat_room,
          minmay_fractal_squares_diagonal_5
D:6:      layout_gridville, serial_shops, nicolae_shop_advertising_works
          [nicolae_subvault_shop_adworks], minmay_a_box_with_orc_wizards_in_it
D:7:      layout_rooms, uniq_pikel
D:8:      layout_loops_ring, jmf_multi_god_temple2, minmay_lair_entry_grove
D:9:      minmay_the_grid_plus_closed [minmay_the_grid_empty,
          minmay_the_grid_gridbox, minmay_the_grid_minigrid_large,
          minmay_the_grid_rooms, minmay_the_grid_prize_shrinking_boxes],
          layout_loops_ring, minivault_13
D:10:     layout_big_octagon, hangedman_abyss_or_decor_stagger
D:11:     minmay_shrinking_squares, layout_basic, serial_shops, kennysheep_mini,
          grunt_dithmenos_smoke
D:12:     kennysheep_blocky_hall, layout_long_grid, hiddenorc1_lemuel
D:13:     layout_small_grid, serial_shops, nicolae_shop_tiny_statue_garden,
          hangedman_glass_teeth
D:14:     layout_irregular_city, david_vaults_4,
          hangedman_abyss_or_decor_lesser_grid, nicolae_rejected_hall,
          uniq_kirke
D:15:     grunt_enter_depths_giant_problem, layout_long_grid, uniq_louise,
          uniq_agnes
Lair:1:   layout_cave_pods, nicolae_quartered_pool_super, grunt_megastairs_4
Lair:2:   layout_roguey, elwin_shoals_entry_rocks, dummy_snake_entry,
          enter_volcano_2, basic_altar, dreamdust_gnoll_shepherd,
          lemuel_fruit_fields, uniq_gastronok
Lair:3:   layout_loops_ring, chequers_serial_rivers_small_b,
          serial_bayou_pond_b, minivault_27
Lair:4:   layout_roguey, serial_bayou_shore_a, serial_bayou_shore_b,
          uniq_josephine
Lair:5:   hangedman_lair_caniforms_friends, layout_regular_city, wormcave,
          nicolae_slime_entry_field_trip, st_stairs_6, bobbens_dragon_lair_wall
Shoals:1: layout_shoals, uniq_jorgrun
Shoals:2: nicolae_shoals_deep_elves_summer_vacation, layout_shoals,
          nicolae_shoals_bring_sunscreen
Shoals:3: layout_shoals, uniq_ilsuiw, uniq_mlioglotl
Shoals:4: shoals_end_hangedman, layout_shoals
Snake:1:  layout_onion, statue_in_the_mist_lemuel, nicolae_snake_gridmaze_zigzag
Snake:2:  layout_layer_cave, minmay_shoptagon
Snake:3:  layout_onion, serial_shops, shop, shop, shop, shop,
          nicolae_shop_tiny_real_fake_doors
Snake:4:  snake_pit, layout_cave_town, lemuel_fruit_tree, grunt_megastairs_2,
          uniq_aizul, uniq_mara
Slime:1:  layout_caves
Slime:2:  layout_caves
Slime:3:  layout_caves
Slime:4:  layout_caves
Slime:5:  slime_pit_nicolae_amoeboid
Orc:1:    layout_diamond_mine, basic_altar, uniq_sonja, uniq_erolcha,
          uniq_maurice
Orc:2:    st_orc_rangers, layout_diamond_mine, serial_shops,
          nicolae_shop_waterfront, shop, nicolae_shop_gaudy_bauble,
          nicolae_square_shop
Elf:1:    nicolae_elf_arrival_no_cutting_in_line, layout_gridlike, serial_shops,
          nicolae_shop_pleasant_corner_grove, evilmike_minifort,
          minmay_elf_necromancy, lemuel_upstairs_altar
Elf:2:    nicolae_elf_blades_crystal_corner, layout_onion_city, serial_shops,
          shop, billiards_dpeg
Elf:3:    minmay_elf_hall_curves, layout_geoelf_diagonals
Vaults:1: nicolae_vaults_display_case, nicolae_vaults_double_plus_2,
          ontoclasm_vaults_hangar, nicolae_vaults_twisting_passages,
          ontoclasm_vaults_eye, v_pattern_5, vaults_room_door_ring,
          nicolae_vaults_diamond_2, grunt_vaults_twisty,
          nicolae_vaults_wine_cellar, hangedman_vaults_maws,
          layout_vaults_omnigrid, uniq_donald
Vaults:2: nicolae_vaults_turnstiles, nicolae_vaults_layer_cake_slice, v_rooms_3,
          nicolae_vaults_tangram_1, v_rooms_4, ontoclasm_vaults_loading_screen,
          nicolae_vaults_taking_the_gang_shopping, vaults_dpeg_spiral,
          vaults_room_semicircle, nicolae_vaults_mini_display_case,
          vaults_dpeg_encased_lava, layout_vaults_big_room, uniq_margery,
          uniq_jory
Vaults:3: blue_anna_dwarven_crypt, nicolae_vaults_network_star,
          nicolae_vaults_ninety_degrees, nicolae_vaults_big_ls, v_misc_11,
          ontoclasm_vaults_gallery, nicolae_vaults_network_quincunx
          [nicolae_vaults_network_quincunx_subvault,
          nicolae_vaults_network_quincunx_subvault,
          nicolae_vaults_network_quincunx_subvault,
          nicolae_vaults_network_quincunx_subvault,
          nicolae_vaults_network_quincunx_subvault], nicolae_vaults_house_1,
          nicolae_vaults_shelves_hall, ontoclasm_vaults_misaligned,
          nicolae_vaults_trapezoid_2, nicolae_vaults_circle_grid_b,
          vaults_mumra_hexcomb, layout_vaults_omnibox
Vaults:4: v_misc_9, nicolae_vaults_little_squares_4,
          nicolae_vaults_steering_wheel, vaults_mumra_hex, v_misc_32, v_misc_12,
          nicolae_vaults_branching_niches, ontoclasm_vaults_spin,
          vaults_room_pool, v_misc_24, grunt_vaults_focal, v_misc_19,
          nicolae_vaults_bisected_inception, nicolae_vaults_circle_grid_b,
          layout_vaults_maze_bifur, serial_shops, shop
Vaults:5: serial_shops
Crypt:1:  layout_regular_city, st_stairs_7, grunt_ministairs_5,
          minmay_misc_feat_hallway
Crypt:2:  layout_gridlike
Crypt:3:  quadcrypt_mu, uniq_sojobo
Depths:1: layout_twisted_cross, enter_ziggurat_c, muffindrake_ghost_dual_entry,
          grunt_hell_entry_dis_grunt, abyss_entry_crystal, slow_altar_2
Depths:2: wad_courtyard, layout_cave_pools, lightli_too_deep,
          nicolae_figureground_sparkle, serial_shops, shop, enter_trove_5,
          grunt_pan_entry_sceptre, abyss_entry, minivault_21
Depths:3: nicolae_hexawheel, layout_cave_shapes, pf_coc_iceberg, abyss_entry,
          grunt_decor_fettered, infiniplex_staircase_x
Depths:4: grunt_zot_entry_gee_three, layout_cave_shapes, abyss_entry, pan_entry,
          hellmouth_3, serial_bayou_shore_b, serial_sigils_hangedman_gnaw,
          uniq_saint_roka
Hell
Tar:1:    layout_cathedral_of_symmetry
Tar:2:    layout_grid_maze, nicolae_tar_cuneiform_bread,
          nicolae_tar_cuneiform_water, nicolae_tar_cuneiform_to_be
Tar:3:    layout_honeycomb
Tar:4:    layout_catacombs
Tar:5:    layout_catacombs, evilmike_ambush [evilmike_ambush_outer_doors,
          evilmike_ambush_inner_pond]
Tar:6:    layout_grid_maze
Tar:7:    tar_old
Zot:1:    gammafunk_mikee_crab_dinner, layout_misc_corridors,
          hellmonk_ghost_happy_afterlife
Zot:2:    layout_concentric_octagons, uniq_josephina
Zot:3:    gammafunk_its_a_trap, layout_misc_corridors
Zot:4:    layout_onion_interference, hangedman_spider_trapstep
Zot:5:    layout_gridlike

Skill      XL: |  1  2  3  4  5  6  7  8  9 10 11 12 13 14 15 16 17 18 19 20 21 22 23 24 25 26 27 |
---------------+----------------------------------------------------------------------------------+-----
Unarmed Combat | 3 4 5 7 8 10 12 13 14 15 16 17 18 19 20 21 22 23 24 25 26 27 | 27.0
Fighting       | 3 4 5 6 7 8 9 10 11 12 13 14 15 16 17 18 19 23 | 23.3
Dodging        | 3 4 5 6 7 8 9 10 11 12 13 14 15 16 17 18 19 20 21 22 | 22.8
Shapeshifting  | 4 5 6 7 8 9 10 11 12 13 14 15 16 17 21 | 21.1
Translocations | 2 4 5 7 8 9 10 11 12 13 14 15 16 | 16.9
Evocations     | 2 4 6 7 |  7.1
Stealth        | 4 7 |  7.0
Summonings     | 3 5 7 9 10 11 20 | 20.1
Hexes          | 7 |  7.7
Spellcasting   | 10 | 10.1

Action                     |  1- 3 |  4- 6 |  7- 9 | 10-12 | 13-15 | 16-18 | 19-21 | 22-24 | 25-27 || total
---------------------------+-------+-------+-------+-------+-------+-------+-------+-------+-------++-------
  Melee: Unarmed           |    53 |    84 |   238 |   419 |   853 |   947 |  1072 |  1024 |  1657 ||  6347
         Tentacles         |    12 |    16 |    63 |    68 |       |       |       |       |       ||   159
         Constrict         |    10 |    27 |    52 |    94 |   195 |   238 |   276 |   167 |       ||  1059
         Punch             |     1 |     4 |    14 |    21 |       |       |       |    62 |   272 ||   374
         Bite              |       |       |       |       |       |       |       |    36 |   187 ||   223
         Tailslap          |       |       |       |       |       |       |       |    43 |   313 ||   356
   Cast: Manifold Assault  |       |       |       |       |       |    10 |     5 |       |    53 ||    68
         Summon Mana Viper |       |       |       |       |       |       |       |       |     3 ||     3
         Summon Forest     |       |       |       |       |       |       |       |       |     2 ||     2
 Invoke: Bribe Branch      |       |       |       |       |       |       |       |       |     5 ||     5
Ability: Begin Untransform |       |       |       |       |       |       |       |     1 |       ||     1
  Evoke: Wand              |       |       |       |       |       |       |       |     1 |     4 ||     5
         Lightning rod     |       |       |       |       |       |       |       |       |     4 ||     4
    Use: Scroll            |       |     3 |     4 |    14 |     5 |    12 |     4 |     2 |    12 ||    56
         Potion            |       |       |     1 |     4 |     6 |     5 |     1 |     1 |    12 ||    30
   Stab: Sleeping          |     3 |     8 |     6 |     7 |    16 |    22 |     9 |    13 |    31 ||   115
         Distracted        |       |       |     3 |     7 |    26 |    15 |    11 |    24 |    57 ||   143
         Invisible         |       |       |       |     1 |       |       |       |       |       ||     1
         Fleeing           |       |       |       |       |       |       |     1 |       |       ||     1
         Betrayed ally     |       |       |       |       |       |       |       |       |     1 ||     1
 Armour: Skin              |     8 |     2 |    10 |    74 |   118 |   116 |    71 |    88 |   190 ||   677
  Dodge: Dodged            |    28 |    47 |   167 |   343 |   636 |   865 |   909 |   637 |  1270 ||  4902
  Block: Other             |       |       |       |    55 |   155 |   201 |   159 |   113 |   268 ||   951
         Reflection        |       |       |       |     2 |    11 |    26 |    30 |     9 |     8 ||    86
         Form:             |     1 |       |       |       |       |       |       |       |       ||     1
         Beast             |     1 |       |       |       |       |       |       |       |       ||     1
         Anaconda          |       |       |       |     1 |       |       |       |       |       ||     1
         Dragon            |       |       |       |       |       |       |       |     1 |     1 ||     2
         Storm             |       |       |       |       |       |       |       |       |     1 ||     1

Table legend: (Time is in decaauts)
 A = Elapsed time spent in this place.
 B = Non-inter-level travel time spent in this place.
 C = Inter-level travel time spent in this place.
 D = Time resting spent in this place.
 E = Time spent auto-exploring this place.
 F = Levels seen in this place.
 G = Mean time per level.
                   A        B        C        D        E       F      G
               +--------+--------+--------+--------+--------+-----+--------+
         Total |  85081 |  78459 |   6622 |   9152 |  54543 |  80 | 1063.5 |
       Dungeon |  19205 |  16254 |   2951 |   1688 |  10885 |  15 | 1280.3 |
          Lair |   7211 |   6517 |    694 |    178 |   5192 |   5 | 1442.2 |
        Shoals |   8746 |   8580 |    166 |   2614 |   4780 |   4 | 2186.5 |
     Snake Pit |   5248 |   5030 |    218 |    366 |   3913 |   4 | 1312.0 |
    Slime Pits |   1458 |   1370 |     88 |     28 |    786 |   5 |  291.6 |
  Orcish Mines |   1537 |   1106 |    431 |      0 |    832 |   2 |  768.5 |
   Elven Halls |   4534 |   4355 |    179 |    159 |   3336 |   3 | 1511.3 |
        Vaults |  11134 |  10331 |    803 |   1476 |   7198 |   5 | 2226.8 |
         Crypt |   2932 |   2783 |    149 |      0 |   2263 |   3 |  977.3 |
        Depths |   6193 |   5647 |    546 |    605 |   4179 |   4 | 1548.2 |
          Hell |    911 |    863 |     48 |      0 |    709 |   1 |  911.0 |
      Tartarus |   2149 |   2047 |    102 |    188 |   1469 |   7 |  307.0 |
           Zot |   6174 |   5934 |    240 |    868 |   4164 |   5 | 1234.8 |
         Abyss |    751 |    751 |      0 |    336 |    135 |   1 |  751.0 |
   Pandemonium |   5605 |   5605 |      0 |    287 |   4063 |  13 |  431.2 |
         Trove |     88 |     88 |      0 |      0 |     56 |   1 |   88.0 |
         Sewer |    219 |    219 |      0 |      0 |    152 |   1 |  219.0 |
       Volcano |    977 |    977 |      0 |    357 |    430 |   1 |  977.0 |
               +--------+--------+--------+--------+--------+-----+--------+

Top non-repeatable levels by time:
Vaults:4: 3319 daAuts
Vaults:1: 2874 daAuts
Shoals:4: 2763 daAuts
    D:14: 2696 daAuts
  Lair:5: 2673 daAuts
Shoals:2: 2595 daAuts
     D:9: 2092 daAuts
 Snake:4: 1988 daAuts
Shoals:3: 1942 daAuts
Vaults:3: 1921 daAuts
Depths:1: 1865 daAuts
   Zot:5: 1784 daAuts
   Elf:2: 1740 daAuts
Depths:3: 1679 daAuts
 Crypt:3: 1611 daAuts
